 Dungeon Crawl Stone Soup version 0.11-a0-95-g8d11a63 character file.

259 Shepardus the Sneak (level 3, -2/26 HPs)
             Began as a Vampire Assassin on Feb 3, 2012.
             Slain by a hound (4 damage)
             ... on Level 2 of the Dungeon on Feb 4, 2012.
             The game lasted 00:15:38 (1744 turns).

Shepardus the Sneak (Vampire Assassin)              Turns: 1744, Time: 00:15:38

HP  -2/26        AC  3     Str 10      XL: 3   Next: 70%
MP   3/3         EV 13     Int 13      God:
Gold 200         SH  0     Dex 16      Spells:  0 memorised,  2 levels left

Res.Fire  : . . .   See Invis. : +   a - +2 dagger {=f}
Res.Cold  : . . .   Warding    : . . c - +0 robe
Life Prot.: + . .   Conserve   : .   (no shield)
Res.Acid. : . . .   Res.Corr.  : .   (no helmet)
Res.Poison: .       Clarity    : .   d - +0 cloak
Res.Elec. : .       Spirit.Shd : .   (no gloves)
Sust.Abil.: . .     Stasis     : .   (no boots)
Res.Mut.  : .       Ctrl.Telep.: .   (no amulet)
Res.Rott. : .       Levitation : .   (no ring)
Saprovore : . . .   Ctrl.Flight: .   (no ring)

@: slightly resistant to hostile enchantments, quite stealthy
A: fangs 3, see invisible, unbreathing
a: Bat Form


You were on level 2 of the Dungeon.
You were not thirsty.

You visited 1 branch of the dungeon, and saw 2 of its levels.

You collected 150 gold pieces.

Inventory:

Hand weapons
 a - a +2,+2 dagger (weapon) {=f}
 b - a +0 blowgun
 h - a +0,+0 dagger (quivered)
 l - a +1,+1 mace of holy wrath
 p - a +0,+0 club
 q - a +1,+0 elven short sword
 r - a -1,+0 orcish club
 t - a +0,+0 mace
 u - a +0,+0 short sword
 v - a +0,+0 mace
 y - a +0,+0 whip
 B - a +0,+0 orcish club
 C - a +0,+0 orcish club
 D - a +0,+0 club
 E - a -1,+1 orcish dagger
 G - a +1,+0 elven dagger
 I - a +0,+0 orcish dagger
 J - a +0,+2 orcish whip
Missiles
 e - 40 poisoned +0 needles
 f - 3 curare-tipped +0 needles
 m - 19 +3 arrows
 w - 4 +0 arrows
 x - 36 +0 sling bullets
 z - 3 +0 darts
 M - 23 +0 bolts
 N - 23 +2 arrows
 P - a +0 throwing net
Armour
 c - a +0 robe (worn)
 d - a +0 cloak (worn)
 o - a +0 robe
 K - a +0 ring mail
Comestibles
 j - a honeycomb
 k - 2 meat rations
Scrolls
 i - 2 scrolls of blinking {unknown}
 n - a scroll of detect curse {unknown}
 s - 2 scrolls of identify {unknown}
 A - a scroll of curse jewellery {unknown}
 F - a scroll of amnesia {unknown}
 H - a scroll of curse weapon {unknown}
Potions
 g - a potion of blood
 L - a potion of heal wounds {unknown}
 O - a potion of degeneration {unknown}


   Skills:
 + Level 1.9 Fighting
 + Level 3.1 Short Blades
 + Level 1.5 Throwing
 + Level 2.2 Dodging
 + Level 5.0 Stealth
 + Level 2.6 Stabbing
 + Level 0.6 Traps & Doors
 + Level 0.3 Unarmed Combat


You had 2 spell levels left.
You didn't know any spells.

Dungeon Overview and Level Annotations

Branches:
Dungeon (2/27)

Altars:


Innate Abilities, Weirdness & Mutations

You have razor-sharp teeth.*
You have supernaturally acute eyesight.
You can survive without breathing.*


Message History

The hound is almost dead.
The hound bites you.
* * * LOW HITPOINT WARNING * * *
There is some shallow water here.
The hound splashes around in the water.
There is some shallow water here.
There is some shallow water here.
The hound splashes around in the water.
The hound barely misses you.
There is some shallow water here.
The hound splashes around in the water.
There is some shallow water here.
There is some shallow water here.
The hound closely misses you. The hound barely misses you.
The hound misses you.
There is a stone staircase leading up here.
You puncture the toadstool.
You destroy the toadstool!
The hound bites you.
You die...

######.##########################
.................................
######.##########################
#.# #.# ######.# .......#
.......###############
...............%@h...##
.......#...#######....###########
.......#...^.....................
......................###########
.......##≈≈P......P≈###
.......##≈≈≈P≈≈.≈≈P≈#
.......##≈≈≈P≈≈≈≈≈P≈#
.......##P≈≈≈≈≈P≈≈≈≈# ####
#########≈≈≈≈≈≈≈P≈≈P# #...


You could see a hound.

Vanquished Creatures
  2 adders (D:2)
  An ooze (D:1)
  5 giant cockroaches
  8 goblins
  4 hobgoblins
  5 bats
  5 giant newts
  4 kobolds
  7 rats
  2 toadstools (D:2)
43 creatures vanquished.

Vanquished Creatures (others)
  A goblin (D:1)
  A kobold (D:1)
  2 toadstools (D:2)
4 creatures vanquished.

Grand Total: 47 creatures vanquished

Notes
Turn   | Place    | Note
--------------------------------------------------------------
     0 | D:1      | Shepardus, the Vampire Assassin, began the quest for the Orb.
     0 | D:1      | Reached XP level 1. HP: 15/15 MP: 1/1
   360 | D:1      | Reached XP level 2. HP: 21/21 MP: 2/2
   409 | D:1      | Upgraded the game from 0.11-a0-94-gbb2c21a to 0.11-a0-95-g8d11a63
  1127 | D:2      | Reached XP level 3. HP: 21/26 MP: 3/3
  1662 | D:2      | Reached skill level 5 in Stealth
  1728 | D:2      | HP: 1/26 [hound (4)]
  1744 | D:2      | Slain by a hound
